 Dungeon Crawl Stone Soup version 0.25-a0-294-gea9b1ad378 (webtiles) character file.

Game seed: 17639357044235437747, levelgen mode: deterministic

2772 MoonlitKnight the Magician (level 9, -2/71 HPs)
             Began as a Gnoll Skald on Dec 17, 2019.
             Was a Follower of Okawaru.
             Slain by an unseen horror (10 damage)
             ... on level 8 of the Dungeon.
             The game lasted 00:17:24 (7396 turns).

MoonlitKnight the Magician (Gnoll Skald)            Turns: 7396, Time: 00:17:25

Health: -2/71      AC:  7    Str: 14    XL:     9   Next: 70%
Magic:  17/19      EV: 14    Int: 18    God:    Okawaru [*.....]
Gold:   369        SH:  0    Dex: 15    Spells: 8/21 levels left

rFire    . . .     SeeInvis .   a - +11 dagger "Uchuckir" {freeze, rPois}
rCold    . . .     Gourm    .   (no shield)
rNeg     . . .     Faith    .   c - +0 ring mail
rPois    +         Spirit   .   i - +0 helmet
rElec    .         Reflect  .   (no cloak)
rCorr    .         Harm     .   (no gloves)
MR       .....                  (no boots)
Stlth    ++........             (no amulet)
HPRegen  1.21/turn              (no ring)
MPRegen  0.16/turn              (no ring)

@: regenerating
A: distributed training, fangs 1, strong nose
a: Heroism, Renounce Religion


You were on level 8 of the Dungeon.
You worshipped Okawaru.
Okawaru was aware of your devotion.
You were not hungry.

You visited 2 branches of the dungeon, and saw 9 of its levels.
You also visited: Ossuary.

You collected 369 gold pieces.

Inventory:

Hand Weapons
 a - the +11 dagger "Uchuckir" (weapon) {freeze, rPois}
   (You found it on level 5 of the Dungeon)

   It has been specially enchanted to freeze those struck by it, causing extra
   injury to most foes and up to half again as much damage against particularly
   susceptible opponents.
   It can also slow down cold-blooded creatures.
   It protects you from poison.
 b - a +1 hunting sling
 l - a +2 flail of protection
Missiles
 k - 61 sling bullets
 q - 25 poisoned darts (quivered)
 s - 5 javelins
Armour
 c - a +0 ring mail (worn)
 i - a +0 helmet (worn)
Jewellery
 B - a cursed ring of magical power {unknown}
Wands
 o - a wand of paralysis (9)
Scrolls
 e - 2 scrolls of random uselessness {unknown}
 f - 2 scrolls of enchant weapon
 g - 4 scrolls of enchant armour
 j - a scroll of blinking {unknown}
 p - 2 scrolls of amnesia
 w - a scroll of noise {unknown}
 y - 3 scrolls of remove curse
 C - 2 scrolls of teleportation
 D - a scroll of fog
 E - a scroll of identify
Potions
 h - a potion of invisibility
 m - 5 potions of heal wounds
 n - 4 potions of mutation
 r - 2 potions of ambrosia {unknown}
 t - 6 potions of curing
 u - a potion of magic {unknown}
 v - a potion of resistance {unknown}
 x - a potion of berserk rage {unknown}
 z - a potion of haste {unknown}
 A - a potion of agility {unknown}
Comestibles
 d - 8 rations


   Skills:
 + Level 6.4 Fighting
 + Level 4.4 Short Blades
 + Level 4.4 Long Blades
 + Level 4.4 Axes
 + Level 4.4 Maces & Flails
 + Level 6.4 Polearms
 + Level 4.4 Staves
 + Level 4.4 Slings
 + Level 4.4 Bows
 + Level 4.4 Crossbows
 + Level 4.4 Throwing
 + Level 5.2 Armour
 + Level 6.4 Dodging
 + Level 4.4 Stealth
 + Level 4.4 Shields
 + Level 4.4 Unarmed Combat
 + Level 6.7 Spellcasting
 + Level 3.6 Conjurations
 + Level 3.6 Hexes
 + Level 6.6 Charms
 + Level 3.6 Summonings
 + Level 3.6 Necromancy
 + Level 3.6 Translocations
 + Level 3.6 Transmutations
 + Level 3.6 Fire Magic
 + Level 3.6 Ice Magic
 + Level 3.6 Air Magic
 + Level 3.6 Earth Magic
 + Level 3.6 Poison Magic
 + Level 4.9 Invocations
 + Level 4.4 Evocations


You had 8 spell levels left.
You knew the following spells:

 Your Spells              Type           Power        Failure   Level  Hunger
a - Vampiric Draining     Necr           ###.......   14%         3    ##.....
b - Shroud of Golubria    Chrm/Tloc      ###...       3%          2    None
c - Spectral Weapon       Hex/Chrm       ###.....     8%          3    ##.....
d - Regeneration          Chrm/Necr      ###.......   8%          3    ##.....
e - Song of Slaying       Chrm           ####....     1%          2    None

Your spell library contained the following spells:

 Spells                   Type           Power        Failure   Level  Hunger
 Infusion                 Chrm           ####         1%          1    None
 Animate Skeleton         Necr           N/A          4%          1    None
 Foxfire                  Conj/Fire      ###.         4%          1    None
 Pain                     Necr           ###.         4%          1    None
 Conjure Flame            Conj/Fire      ###.....     14%         3    ##.....
 Inner Flame              Hex/Fire       ###.....     14%         3    ##.....
 Animate Dead             Necr           N/A          43%         4    ####...
 Sticky Flame             Conj/Fire      ###.....     43%         4    ####...
 Fireball                 Conj/Fire      ###.......   78%         5    #####..


Dungeon Overview and Level Annotations

Branches:
Dungeon (8/15)             Temple (1/1) D:5         Ossuary (visited)
   Lair: D:8-11

Altars:
Ashenzari
Cheibriados
Dithmenos
Elyvilon
Fedhas
Gozag
Kikubaaqudgha
Makhleb
Nemelex Xobeh
Okawaru
Qazlal
Sif Muna
Uskayaw
Vehumet
Xom
Yredelemnul
Zin

Shops:
D:5 [   D:7 ((([


Innate Abilities, Weirdness & Mutations

Your experience applies equally to all skills.
You have very sharp teeth.
Your uncanny sense of smell can sniff out nearby items.


Message History

Something hits you.
* * * LOW HITPOINT WARNING * * *
Something hits you.
* * * LOW HITPOINT WARNING * * *
Found a stone staircase leading down.
Casting: Vampiric Draining (safe; 14% risk of failure)
Confirm with . or Enter, or press ? or * to list all spells.
You can't see any susceptible monsters within range! (Use Z to cast anyway.)
Casting: Vampiric Draining (safe; 14% risk of failure)
Confirm with . or Enter, or press ? or * to list all spells.
Your skin crawls.
Something hits you but does no damage. Something hits you but does no damage.
You puncture something! You freeze something. Something hits you!
* * * LOW HITPOINT WARNING * * *
Something hits you.
* * * LOW HITPOINT WARNING * * *
You hit something. You freeze something. Something hits you.
* * * LOW HITPOINT WARNING * * *
Something hits you!
You die...

#..####.#.......#
#..####.#######.##
#.....#..........#
##.##.############
...##.##.....(#
######.##.####.#
#.........#
#####.######
#.>.{@# #....<#
#.....# #.....#
###.### #. #. ..


There were no monsters in sight!

Vanquished Creatures
  Eustachio (D:6)
  Edmund (D:4)
  5 ogres
  An orc warrior (D:6)
  2 sky beasts
  A necrophage (D:6)
  2 centaurs
  4 elf zombies (Ossuary)
  2 bullfrogs
  2 howler monkeys (D:7)
  4 crimson imps
  A bullfrog zombie (D:5)
  6 human zombies
  3 centaur zombies (Ossuary)
  A hound (D:6)
  An orc wizard (D:5)
  2 bullfrog skeletons
  3 orc priests
  An iron imp (D:5)
  5 worker ants
  3 mummies (Ossuary)
  A worker ant zombie (D:6)
  Robin (D:4)
  7 adders
  3 shadow imps
  2 oozes
  4 adder skeletons
  3 worms
  4 dart slugs
  14 orcs
  4 bats (D:1)
  6 giant cockroaches
  14 goblins
  9 hobgoblins
  18 jackals
  7 kobolds
  8 quokkas
  3 frilled lizards
  9 rats
  A rat zombie (D:4)
169 creatures vanquished.

Vanquished Creatures (others)
  A spectral weapon (Ossuary)
1 creature vanquished.

Grand Total: 170 creatures vanquished

Notes
Turn   | Place    | Note
-------+----------+-------------------------------------------
     0 | D:1      | MoonlitKnight the Gnoll Skald began the quest for the Orb.
     0 | D:1      | Reached XP level 1. HP: 20/20 MP: 6/6
   189 | D:1      | Reached XP level 2. HP: 26/26 MP: 7/7
   196 | D:1      | Learned a level 2 spell: Shroud of Golubria
   631 | D:1      | Reached XP level 3. HP: 31/31 MP: 9/9
   636 | D:1      | Learned a level 3 spell: Spectral Weapon
   640 | D:1      | Learned a level 3 spell: Regeneration
   643 | D:1      | Learned a level 2 spell: Song of Slaying
   722 | D:1      | Reached skill level 5 in Spellcasting
  1473 | D:2      | Reached skill level 1 in Invocations
  1524 | D:2      | Reached skill level 1 in Short Blades
  1524 | D:2      | Reached skill level 1 in Long Blades
  1524 | D:2      | Reached skill level 1 in Axes
  1524 | D:2      | Reached skill level 1 in Maces & Flails
  1524 | D:2      | Reached skill level 1 in Staves
  1524 | D:2      | Reached skill level 1 in Slings
  1524 | D:2      | Reached skill level 1 in Bows
  1524 | D:2      | Reached skill level 1 in Crossbows
  1524 | D:2      | Reached skill level 1 in Throwing
  1524 | D:2      | Reached skill level 1 in Stealth
  1524 | D:2      | Reached skill level 1 in Shields
  1524 | D:2      | Reached skill level 1 in Unarmed Combat
  1524 | D:2      | Reached skill level 1 in Evocations
  1561 | D:2      | Reached XP level 4. HP: 26/38 MP: 3/11
  1878 | D:2      | Reached skill level 1 in Conjurations
  1878 | D:2      | Reached skill level 1 in Hexes
  1878 | D:2      | Reached skill level 1 in Summonings
  1878 | D:2      | Reached skill level 1 in Necromancy
  1878 | D:2      | Reached skill level 1 in Translocations
  1878 | D:2      | Reached skill level 1 in Transmutations
  1878 | D:2      | Reached skill level 1 in Fire Magic
  1878 | D:2      | Reached skill level 1 in Ice Magic
  1878 | D:2      | Reached skill level 1 in Air Magic
  1878 | D:2      | Reached skill level 1 in Earth Magic
  1878 | D:2      | Reached skill level 1 in Poison Magic
  2580 | D:3      | Reached XP level 5. HP: 43/43 MP: 12/12
  3125 | D:4      | Noticed Edmund
  3151 | D:4      | Killed Edmund
  3151 | D:4      | Reached XP level 6. HP: 16/50 MP: 6/13
  3229 | D:4      | Found a sand-covered staircase.
  3246 | D:4      | Reached skill level 5 in Fighting
  3246 | D:4      | Reached skill level 5 in Polearms
  3246 | D:4      | Reached skill level 5 in Dodging
  3255 | Ossuary  | Entered an ossuary
  3516 | Ossuary  | Reached XP level 7. HP: 33/56 MP: 11/15
  3879 | Ossuary  | Reached XP level 8. HP: 56/63 MP: 16/16
  3968 | D:4      | Noticed Robin
  4027 | D:4      | Killed Robin
  4444 | D:5      | Entered Level 5 of the Dungeon
  4630 | D:5      | Got a warped dagger
  4631 | D:5      | Identified the +11 dagger "Uchuckir" {freeze, rPois} (You
                  | found it on level 5 of the Dungeon)
  4869 | D:5      | Found a staircase to the Ecumenical Temple.
  4884 | Temple   | Entered the Ecumenical Temple
  4912 | Temple   | Became a worshipper of Warmaster Okawaru
  5076 | D:5      | Found a snail-covered altar of Cheibriados.
  5411 | D:5      | Found Iton's Armour Boutique.
  5682 | D:6      | Reached XP level 9. HP: 66/69 MP: 18/18
  5685 | D:6      | Reached * piety under Okawaru
  5815 | D:6      | Learned a level 3 spell: Vampiric Draining
  5847 | D:6      | Found a stormy altar of Qazlal.
  5970 | D:6      | Noticed Eustachio
  5998 | D:6      | Killed Eustachio
  6267 | D:6      | Reached skill level 5 in Armour
  6731 | D:7      | Found Luebruz's Antique Weapon Shop.
  6731 | D:7      | Found Riett's Weapon Shop.
  6751 | D:7      | Found Laxtuq's Armour Shop.
  6753 | D:7      | Found Xusaw's Antique Weapon Shop.
  7396 | D:8      | Slain by an unseen horror

Levels and vault maps discovered:
D:1:      elethiomel_arrival_shortcut, layout_basic
D:2:      layout_rooms
D:3:      layout_loops_ring, first_ration
D:4:      layout_basic, enter_ossuary_3, uniq_edmund, uniq_robin
D:5:      layout_basic, slow_altar_1, minmay_temple_entry_tees, serial_shops,
          nicolae_shop_trees, minmay_misc_feat_nine_boxes
D:6:      layout_basic, nicolae_qazlal_general_emergency, uniq_eustachio
D:7:      layout_basic, grunt_livestock, minmay_shop_grid_forest
D:8:      layout_basic
Temple:   nicolae_temple_the_god_donut

Skill      XL: |  1  2  3  4  5  6  7  8  9 |
---------------+----------------------------+-----
Spellcasting   | 5 6 |  6.7
Invocations    | 1 2 3 4 |  4.9
Short Blades   | 1 2 3 4 |  4.4
Long Blades    | 1 2 3 4 |  4.4
Axes           | 1 2 3 4 |  4.4
Maces & Flails | 1 2 3 4 |  4.4
Staves         | 1 2 3 4 |  4.4
Slings         | 1 2 3 4 |  4.4
Bows           | 1 2 3 4 |  4.4
Crossbows      | 1 2 3 4 |  4.4
Throwing       | 1 2 3 4 |  4.4
Stealth        | 1 2 3 4 |  4.4
Shields        | 1 2 3 4 |  4.4
Unarmed Combat | 1 2 3 4 |  4.4
Evocations     | 1 2 3 4 |  4.4
Conjurations   | 1 2 3 |  3.6
Hexes          | 1 2 3 |  3.6
Summonings     | 1 2 3 |  3.6
Necromancy     | 1 2 3 |  3.6
Translocations | 1 2 3 |  3.6
Transmutations | 1 2 3 |  3.6
Fire Magic     | 1 2 3 |  3.6
Ice Magic      | 1 2 3 |  3.6
Air Magic      | 1 2 3 |  3.6
Earth Magic    | 1 2 3 |  3.6
Poison Magic   | 1 2 3 |  3.6
Armour         | 3 4 5 |  5.2
Fighting       | 5 6 |  6.4
Polearms       | 5 6 |  6.4
Dodging        | 5 6 |  6.4
Charms         | 6 |  6.6

Action                   |  1- 3 |  4- 6 |  7- 9 || total
-------------------------+-------+-------+-------++-------
Melee: Spear             |   121 |   107 |       ||   228
       Bite              |     7 |    14 |    36 ||    57
       Punch             |       |     2 |     4 ||     6
       Flail             |       |    69 |   159 ||   228
       Dagger            |       |       |   201 ||   201
 Fire: Hunting sling     |    11 |    22 |       ||    33
Throw: Javelin           |       |       |     3 ||     3
       Dart              |       |       |     2 ||     2
 Cast: Infusion          |     2 |       |       ||     2
       Shroud of Golubri |     3 |     3 |     4 ||    10
       Spectral Weapon   |     2 |     3 |     4 ||     9
       Regeneration      |       |     2 |     5 ||     7
       Vampiric Draining |       |       |     3 ||     3
       Song of Slaying   |       |       |     1 ||     1
  Use: Scroll            |       |    10 |     5 ||    15
 Stab: Sleeping          |     2 |     3 |     5 ||    10
       Distracted        |       |     1 |       ||     1
       Fleeing           |       |       |     1 ||     1
  Eat: Chunk             |     2 |     6 |    10 ||    18
       Ration            |       |       |     2 ||     2
Armor: Leather armour    |    19 |     6 |       ||    25
       Ring mail         |       |    25 |   125 ||   150
Dodge: Dodged            |    94 |    79 |   227 ||   400

Table legend:
 A = Non-vault XP
 B = Vault XP
 C = Vault XP percentage of total XP
 D = Non-vault monster count
 E = Vault monster count
 F = Vault count percentage of total count
                 A         B        C        D         E       F
            +---------+---------+-------+---------+---------+-------
      Total |    2685 |    1276 |  32.2 |     137 |      32 |  18.9
            +---------+---------+-------+---------+---------+-------
        D:1 |      55 |       0 |   0.0 |      27 |       0 |   0.0
        D:2 |      91 |       0 |   0.0 |      29 |       0 |   0.0
        D:3 |      40 |       0 |   0.0 |      10 |       0 |   0.0
        D:4 |     110 |     254 |  69.8 |      10 |      15 |  60.0
        D:5 |     738 |      40 |   5.1 |      24 |       1 |   4.0
        D:6 |    1050 |     203 |  16.2 |      21 |       1 |   4.5
        D:7 |     551 |       0 |   0.0 |      15 |       0 |   0.0
        D:8 |      50 |       0 |   0.0 |       1 |       0 |   0.0
    Ossuary |       0 |     779 | 100.0 |       0 |      15 | 100.0
            +---------+---------+-------+---------+---------+-------
